 Dungeon Crawl Stone Soup version 0.18.1-8-gdd0e5ea (webtiles) character file.

1471 rockintein the Cleaver (level 8, 0/102 HPs)
             Began as a Minotaur Berserker on June 5, 2016.
             Was a Believer of Trog.
             Slain by an orc warrior
             ... wielding a +0 trident
              (8 damage)
             ... on level 6 of the Dungeon.
             The game lasted 00:09:54 (4763 turns).

rockintein the Cleaver (Minotaur Berserker)         Turns: 4763, Time: 00:09:55

Health: 0/102      AC: 10    Str: 25    XL:     8   Next: 49%
Magic:  7/7        EV:  9    Int:  2    God:    Trog [**....]
Gold:   335        SH:  0    Dex: 10    Spells: 0 memorised, 7 levels left

rFire  + + +     SeeInvis .     s - +3 hand axe of Uroi {drain, +Inv rF+++ Str-4 Int-2}
rCold  . . .     Gourm    .     o - +0 chain mail
rNeg   . . .     Faith    .     (no shield)
rPois  .         Spirit   .     (helmet restricted)
rElec  .         Dismiss  .     (no cloak)
rCorr  .         Reflect  .     (no gloves)
SustAt .         Harm     .     (no boots)
MR     +....                    (no amulet)
Stlth  ..........               (no ring)
                                (no ring)

@: berserking, very quick, somewhat resistant to hostile enchantments, extremely
unstealthy
A: retaliatory headbutt, horns 2, magic resistance 1, evolution 1
a: Berserk, Trog's Hand, Burn Spellbooks, Renounce Religion, Evoke Invisibility


You were on level 6 of the Dungeon.
You worshipped Trog.
Trog was pleased with you.
You were hungry.

You visited 1 branch of the dungeon, and saw 6 of its levels.

You collected 335 gold pieces.

Inventory:

Hand Weapons
 s - the +3 hand axe of Uroi (weapon) {drain, +Inv rF+++ Str-4 Int-2}
   (You found it on level 4 of the Dungeon)

   A truly terrible weapon, it drains the life of those it strikes.
   It affects your strength (-4).
   It affects your intelligence (-2).
   It renders you almost immune to fire.
   It lets you turn invisible.
Armour
 o - a +0 chain mail (worn)
Wands
 d - a wand of random effects (23/48)
 e - a wand of flame (30/48)
Scrolls
 f - a scroll of remove curse
 k - 2 scrolls of blinking
 m - 2 scrolls of teleportation
 n - 3 scrolls of identify
 p - a scroll of recharging {unknown}
 r - 4 scrolls of enchant weapon {unknown}
Potions
 a - 2 potions of flight
 b - a potion of lignification {unknown}
 h - a potion of agility
 i - a potion of heal wounds
 q - a potion of haste
 t - a potion of cure mutation
Comestibles
 c - 3 bread rations
 g - 2 beef jerkies
 j - 5 meat rations


   Skills:
 + Level 5.0 Fighting
 * Level 11.2 Axes
 + Level 6.1 Armour
 - Level 2.1 Dodging


You had 7 spell levels left.
You didn't know any spells.

Dungeon Overview and Level Annotations

Branches:
Dungeon (6/15)
 Temple: D:4-7

Altars:
Nemelex Xobeh
Okawaru
Pakellas
Trog
Vehumet
Xom


Innate Abilities, Weirdness & Mutations

You reflexively headbutt those who attack you in melee.
You have a pair of horns on your head.
You are resistant to hostile enchantments.
You evolve.


Message History

* * * LOW HITPOINT WARNING * * *
You closely miss the orc warrior.
The orc warrior is lightly wounded.
You closely miss the orc warrior.
The orc warrior is lightly wounded.
You closely miss the orc warrior. Your headbutt misses the orc warrior.
The orc warrior is lightly wounded.
The orc warrior hits you with a trident.
* * * LOW HITPOINT WARNING * * *
You barely miss the orc warrior.
The orc warrior is lightly wounded.
You hit the orc warrior but do no damage.
The orc warrior is lightly wounded.
The orc warrior hits you but does no damage.
You barely miss the orc warrior.
The orc warrior is lightly wounded.
You hit the orc warrior. You drain the orc warrior!
The orc warrior is moderately wounded.
The orc warrior hits you with a trident!
You die...

...........#...........
.........#...........
#.#....##........... .
#...................
..###..............#####
...............>....# #
......................
.........##....####.##
......)@)........ .#
.......o..#....##
................
................
...............
...........#...
...............
..##.#.........


You could see an orc warrior.

Vanquished Creatures
  Menkaure (D:6)
  4 ogres
  A centaur (D:5)
  The ghost of Aquadorian the Skirmisher, an amateur GrBe of Trog (D:5)
  The ghost of daning the Charmwright, an amateur HESk of Okawaru (D:4)
  2 giant frogs
  2 scorpions
  A crimson imp (D:5)
  A giant frog zombie (D:6)
  2 hounds
  A giant frog skeleton (D:4)
  3 orc wizards
  An iguana (D:4)
  3 worker ants
  A hound skeleton (D:4)
  A worker ant zombie (D:5)
  4 gnolls (D:3)
  2 adders
  A shadow imp (D:6)
  2 oozes
  3 adder skeletons (D:5)
  3 worms
  A dart slug (D:3)
  5 giant geckos
  8 orcs
  10 bats
  5 giant cockroaches
  6 goblins
  6 hobgoblins
  16 jackals
  2 quokkas
  4 giant newts
  9 kobolds
  5 rats
  A plant (D:4)
119 creatures vanquished.

Notes
Turn   | Place    | Note
--------------------------------------------------------------
     0 | D:1      | rockintein the Minotaur Berserker began the quest for the Orb.
     0 | D:1      | Reached XP level 1. HP: 19/19 MP: 0/0
   115 | D:1      | Reached skill level 4 in Axes
   240 | D:1      | Reached XP level 2. HP: 20/26 MP: 1/1
   539 | D:2      | Reached skill level 5 in Axes
   541 | D:2      | Reached XP level 3. HP: 10/31 MP: 2/2
  1184 | D:2      | Reached ** piety under Trog
  1604 | D:2      | Gained mutation: You evolve. [potion of mutation]
  1604 | D:2      | Gained mutation: Scrolls take you a little longer to read. [potion of mutation]
  1604 | D:2      | Gained mutation: You rapidly evolve. [potion of mutation]
  1605 | D:2      | Gained mutation: You are agile. (Dex +2) [potion of beneficial mutation]
  1607 | D:2      | Lost mutation: Scrolls take you a little longer to read. [potion of cure mutation]
  1607 | D:2      | Lost mutation: You rapidly evolve. [potion of cure mutation]
  1607 | D:2      | Lost mutation: You are agile. (Dex +2) [potion of cure mutation]
  1621 | D:2      | Found a sparkling altar of Nemelex Xobeh.
  1784 | D:3      | Found an iron altar of Okawaru.
  1842 | D:3      | Reached skill level 6 in Axes
  1842 | D:3      | Reached XP level 4. HP: 35/39 MP: 3/3
  1846 | D:3      | HP: 1/58 [gnoll (2)]
  2291 | D:4      | Noticed an ogre
  2293 | D:4      | Noticed an ogre
  2302 | D:4      | Killed an ogre
  2302 | D:4      | Reached skill level 7 in Axes
  2302 | D:4      | Reached XP level 5. HP: 12/45 MP: 4/4
  2307 | D:4      | Killed an ogre
  2307 | D:4      | Reached skill level 8 in Axes
  2307 | D:4      | Reached XP level 6. HP: 8/51 MP: 5/5
  2499 | D:4      | Found a bloodstained altar of Trog.
  2836 | D:4      | Got a jewelled hand axe
  2837 | D:4      | Identified the +3 hand axe of Uroi {drain, +Inv rF+++ Str-4 Int-2} (You found it on level 4 of the Dungeon)
  2873 | D:4      | Noticed daning's ghost (amateur HESk)
  2882 | D:4      | Killed daning's ghost
  2882 | D:4      | Reached skill level 9 in Axes
  2936 | D:4      | Reached XP level 7. HP: 57/57 MP: 6/6
  3275 | D:4      | Reached *** piety under Trog
  3622 | D:5      | Entered Level 5 of the Dungeon
  3742 | D:5      | Reached skill level 10 in Axes
  3820 | D:5      | Noticed Aquadorian's ghost (amateur GrBe)
  3842 | D:5      | Killed Aquadorian's ghost
  3842 | D:5      | Reached skill level 5 in Armour
  3842 | D:5      | Reached XP level 8. HP: 40/66 MP: 7/7
  4083 | D:5      | Found a radiant altar of Vehumet.
  4218 | D:5      | Found a bloodstained altar of Trog.
  4264 | D:5      | Found an oddly glowing altar of Pakellas.
  4264 | D:5      | Found a shimmering altar of Xom.
  4416 | D:5      | Gained mutation: You are resistant to hostile enchantments. [evolution]
  4531 | D:6      | Noticed Menkaure
  4544 | D:6      | Killed Menkaure
  4544 | D:6      | Reached skill level 11 in Axes
  4752 | D:6      | Reached skill level 5 in Fighting
  4763 | D:6      | Slain by an orc warrior

Skill      XL: |  1  2  3  4  5  6  7  8 |
---------------+-------------------------+-----
Axes           | 4 5 6 7 8 9 10 11 | 11.2
Armour         | 3 5 6 |  6.1
Fighting       | 4 5 |  5.0
Dodging        | |  2.1

Action                   |  1- 3 |  4- 6 |  7- 9 || total
-------------------------+-------+-------+-------++-------
Melee: Hand axe          |    96 |    73 |   146 ||   315
       Headbutt          |    17 |    18 |    28 ||    63
Invok: Trog's Hand       |       |     2 |     2 ||     4
       Berserk           |       |     2 |     2 ||     4
  Use: Potion            |     6 |     2 |     1 ||     9
       Scroll            |     6 |     2 |       ||     8
  Eat: Chunk             |     3 |     6 |     5 ||    14
       Pizza             |       |       |     1 ||     1
Armor: Animal skin       |    12 |       |       ||    12
       Ring mail         |     1 |     3 |       ||     4
       Chain mail        |       |    21 |    60 ||    81
Dodge: Dodged            |    68 |    24 |    34 ||   126
